 Dungeon Crawl Stone Soup version 0.29-a0-330-g52719c12eb (webtiles) character file.

Game seed: 4318114619869031032

121 tilp the Magician (level 4, -2/37 HPs)
             Began as a Draconian Hedge Wizard on May 20, 2022.
             Killed by divine providence
             ... invoked by an orc priest
              (12 damage)
             ... on level 4 of the Dungeon.
             The game lasted 00:07:32 (3620 turns).

tilp the Magician (Draconian Hedge Wizard)          Turns: 3620, Time: 00:07:33

Health: -2/37      AC:  9    Str: 13    XL:     4   Next: 77%
Magic:  7/8        EV: 16    Int: 23    God:
Gold:   145        SH:  0    Dex: 10    Spells: 2/9 levels left

rFire   . . .      SeeInvis .   a - +1 dagger (freeze)
rCold   + . .      Faith    .   (no shield)
rNeg    . . .      Spirit   .   (body armour unavailable)
rPois   .          Reflect  .   b - +0 hat
rElec   .          Harm     .   h - +0 cloak
rCorr   .          Rampage  .   g - +1 pair of gloves
Will    .....                   v - +0 pair of boots
Stlth   +++.......              (no amulet)
HPRegen 0.12/turn               p - +4 ring of evasion
MPRegen 0.11/turn               l - ring of Anleedez {Wiz rC+ Int+7 Stlth+}

@: no status effects
A: AC +5, unfitting armour, cold-blooded
a: no special abilities


You were on level 4 of the Dungeon.
You visited 1 branch of the dungeon, and saw 4 of its levels.

You collected 145 gold pieces.

Inventory:

Hand Weapons
 a - a +1 dagger of freezing (weapon)
 q - a +0 dagger of venom
Missiles
 e - 102 stones (quivered)
 m - 11 boomerangs
Armour
 b - a +0 hat (worn)
 g - a +1 pair of gloves (worn)
 h - a +0 cloak (worn)
 v - a +0 pair of boots (worn)
Jewellery
 l - the ring of Anleedez (right hand) {Wiz rC+ Int+7 Stlth+}
   (You acquired it on level 2 of the Dungeon)

   [ring of wizardry]

   It improves your spell success rate.
   Int:       It affects your intelligence (+7).
   rC:        It protects you from cold.
   Stlth:     It makes you more stealthy.
 p - a +4 ring of evasion (left hand)
Scrolls
 d - 2 scrolls of teleportation
 j - a scroll of vulnerability
 o - a scroll of amnesia
 w - a scroll of enchant weapon
Potions
 c - 2 potions of magic
 f - 2 potions of ambrosia {unknown}
 i - a potion of mutation {unknown}
 k - 2 potions of berserk rage {unknown}
 n - a potion of brilliance {unknown}
 r - 2 potions of curing
 s - a potion of might {unknown}
 t - a potion of cancellation {unknown}
 u - a potion of heal wounds {unknown}
 x - a potion of lignification {unknown}


   Skills:
 + Level 2.4 Fighting
 + Level 0.7 Throwing
 + Level 2.2 Dodging
 - Level 2.0 Stealth
 - Level 3.0 Spellcasting
 - Level 2.0 Conjurations
 - Level 1.1 Hexes
 - Level 1.0 Summonings
 * Level 2.0 Translocations
 + Level 0.2 Air Magic
 + Level 0.4 Poison Magic


You had 2 spell levels left.
You knew the following spells:

 Your Spells              Type           Power      Damage    Failure   Level
a - Magic Dart            Conj           48%        1d5       1%          1
b - Slow                  Hex            32%        N/A       3%          1
c - Blink                 Tloc           24%        N/A       3%          2
d - Mephitic Cloud        Conj/Pois/Air  7%         N/A       10%         3

Your spell library contained the following spells:

 Spells                   Type           Power      Damage    Failure   Level
 Call Imp                 Summ           8%         N/A       4%          2
 Conjure Flame            Conj/Fire      8%         6-21      9%          3
 Petrify                  Tmut/Erth      3%         N/A       41%         4
 Metabolic Englaciation   Hex/Ice        3%         N/A       67%         5
 Statue Form              Tmut/Erth      2%         N/A       99%         6


Dungeon Overview and Level Annotations

Branches:
Dungeon (4/15)
 Temple: D:4-7

Altars:

Portals:
Ossuary: D:4

Annotations:
D:3 3 runed translucent doors, Seraphu's ghost, amateur VSBr


Innate Abilities, Weirdness & Mutations

Your plain brown scales are hard. (AC +5)
You cannot fit into any form of body armour.
You are cold-blooded and may be slowed by cold attacks.


Message History

The orc priest is lightly wounded.
The orc priest misses you.
You hit the orc priest. You freeze the orc priest.
The orc priest is moderately wounded.
The orc priest hits you with a +0 club.
You hit the orc priest. You freeze the orc priest.
Your tail-slap misses the orc priest.
The orc priest is heavily wounded.
The orc priest barely misses you.
You hit the orc priest. You freeze the orc priest.
The orc priest is severely wounded.
The orc priest misses you.
You hit the orc priest but do no damage.
The orc priest is severely wounded.
The orc priest hits you with a +0 club.
* * * LOW HITPOINT WARNING * * *
You hit the orc priest but do no damage.
The orc priest is severely wounded.
The orc priest barely misses you.
Unknown command.
You hit the orc priest but do no damage.
The orc priest is severely wounded.
The orc priest casts a cantrip, but nothing happens.
Unknown command.
You hit the orc priest. You freeze the orc priest.
You tail-slap the orc priest, but do no damage.
The orc priest is severely wounded.
The orc priest hits you but does no damage.
Unknown command.
You barely miss the orc priest.
You tail-slap the orc priest, but do no damage.
The orc priest is severely wounded.
The orc priest mumbles some strange prayers to Beogh against you.
Pain shoots through your body!
* * * LOW HITPOINT WARNING * * *
Unknown command.
It was a potion of curing.
You feel better.
The orc priest invokes the aid of Beogh against you.
Beogh smites you!
You die...

..........[#....# ..
...........#....# #.#..
...........#....# #.#
..............#.# #.#
#######'##.##.#.###.# # #
#####.##.##.#..<#.# ># ..
###.....##.##.#.###.###.#.o.
.....#..##.##.#.###.....#...
.....#.....##...@o.$.......o
.....#........####......##.
.............. #...#..#
###'##........ #......##.#
#.##........ #.........#
#.####.#.... #.#......8. #.#
.#.... #.##.##.... ### .#
... #.# .# 8.∩. .. .# #.# .#
...


You could see an orc priest.

Vanquished Creatures
  An orc wizard (D:4)
  2 adders
  2 worms (D:3)
  4 dart slugs
  2 orcs (D:4)
  9 ball pythons
  10 endoplasms
  6 goblins
  3 hobgoblins (D:2)
  3 quokkas
  6 bats
  3 frilled lizards
  5 kobolds
  5 rats
61 creatures vanquished.

Notes
Turn   | Place    | Note
-------+----------+-------------------------------------------
     0 | D:1      | tilp the Draconian Hedge Wizard began the quest for the
                  | Orb.
     0 | D:1      | Reached XP level 1. HP: 14/14 MP: 4/4
   172 | D:1      | Reached XP level 2. HP: 13/22 MP: 0/6
   295 | D:1      | Learned a level 1 spell: Slow
   298 | D:1      | Learned a level 2 spell: Blink
   327 | D:1      | Reached skill level 1 in Fighting
  1309 | D:2      | Reached XP level 3. HP: 29/29 MP: 1/7
  1942 | D:2      | Found a faded altar of an unknown god.
  2426 | D:2      | Identified a scroll of acquirement
  2460 | D:2      | Acquired the ring of Anleedez {Wiz rC+ Int+7 Stlth+}
  2513 | D:3      | Noticed Seraphu's ghost (amateur VSBr)
  2513 | D:3      | Noticed an ogre
  2739 | D:3      | Reached skill level 1 in Hexes
  2739 | D:3      | Reached XP level 4. HP: 36/36 MP: 3/8
  2895 | D:3      | Found a runed translucent gate.
  2895 | D:3      | Found a runed translucent gate.
  2895 | D:3      | Found a runed translucent gate.
  3381 | D:3      | Learned a level 3 spell: Mephitic Cloud
  3571 | D:4      | Found a sand-covered staircase.
  3620 | D:4      | Killed from afar by an orc priest

Illustrated notes

Levels and vault maps discovered:
D:1:      mainiacjoe_arrival_reflecting_pool, layout_loops_ring
D:2:      layout_loops_ring, serial_glass, glass_columns_a, glass_columns_b,
          glass_columns_c, glass_columns_a, glass_columns_c, glass_columns_a,
          hellmonk_ecumenical_altar_pennies_from_heaven
D:3:      layout_basic, gammafunk_ghost_split
D:4:      layout_basic, nicolae_ossuary_entry_monument

Skill      XL: |  1  2  3  4 |
---------------+-------------+-----
Dodging        | 2 |  2.2
Stealth        | 2 |  2.0
Fighting       | 1 2 |  2.4
Conjurations   | 2 |  2.0
Hexes          | 1 |  1.1
Translocations | 2 |  2.0
Throwing       | |  0.7
Spellcasting   | |  3.0
Summonings     | |  1.0
Air Magic      | |  0.2
Poison Magic   | |  0.4

Action                   |  1- 3 |  4- 6 || total
-------------------------+-------+-------++-------
Melee: Dagger            |    31 |    49 ||    80
       Tailslap          |     3 |     7 ||    10
       Punch             |       |     1 ||     1
 Cast: Magic Dart        |   114 |    16 ||   130
  Use: Scroll            |     7 |     2 ||     9
       Potion            |       |     1 ||     1
 Stab: Sleeping          |     1 |     3 ||     4
Armor: Skin              |    13 |     7 ||    20
Dodge: Dodged            |    28 |    21 ||    49

Table legend: (Time is in decaauts)
 A = Elapsed time spent in this place.
 B = Non-inter-level travel time spent in this place.
 C = Inter-level travel time spent in this place.
 D = Time resting spent in this place.
 E = Time spent auto-exploring this place.
 F = Levels seen in this place.
 G = Mean time per level.
                   A        B        C        D        E       F      G
               +--------+--------+--------+--------+--------+-----+--------+
         Total |   3622 |   3551 |     71 |    292 |   2671 |   4 |  905.5 |
       Dungeon |   3622 |   3551 |     71 |    292 |   2671 |   4 |  905.5 |
               +--------+--------+--------+--------+--------+-----+--------+

Top non-repeatable levels by time:
     D:2: 1415 daAuts
     D:1: 1079 daAuts
     D:3: 911 daAuts
     D:4: 215 daAuts
